Map: [ESL] Goldenaura

Players

Cyan - Winner!

  • Race: Protoss Protoss
  • Spawn Location: 12:00

Lambo

  • Race: Zerg Zerg
  • Spawn Location: 5:00

Event: ESL SC2 Masters 2023 Winter (Finals)

VOD

Have the link to the VOD?

Description

Time

  • Played on: Dec. 16, 2023, 9:33 a.m.
  • Length: 31:57

All games in this series

Show
View Real Time Build Order
Export as new Build Order

Cyan Protoss - Winner!

Build Orders: 1 Gate Expand, Oracle Opening, Archon Immortal 

Get SALT Encoding   

  12  0:00  Probe  
  13  0:12  Probe  
  14  0:17  Pylon  
  14  0:24  Probe (Chrono Boost)  
  14  0:28  Assimilator  
  15  0:36  Probe (Chrono Boost)  
  16  0:43  Gateway  
  16  0:45  Probe (Chrono Boost)  
  17  0:54  Probe  
  18  1:06  Probe  
  19  1:18  Probe  
  19  1:23  Nexus  
  20  1:33  Cybernetics Core  
  20  1:36  Probe  
  21  1:42  Assimilator  
  21  1:48  Probe  
  21  1:52  Pylon  
  22  2:00  Probe (Chrono Boost)  
  23  2:08  Adept (Chrono Boost)  
  23  2:10  Warp Gate  
  23  2:11  Probe (Chrono Boost)  
  26  2:16  Probe (Chrono Boost)  
  26  2:21  Stargate  
  27  2:28  Probe (Chrono Boost)  
  28  2:30  Adept  
  30  2:38  Probe (Chrono Boost)  
  32  2:45  Probe (Chrono Boost)  
  32  2:46  Probe (Chrono Boost)  
  33  2:51  Probe  
  33  2:52  Probe  
  33  2:58  Gateway  
  35  3:03  Probe  
  35  3:04  Probe  
  41  3:13  Void Ray (Chrono Boost)  
  41  3:15  Pylon  
  41  3:17  Probe  
  41  3:18  Probe  
  43  3:24  Adept  
  45  3:29  Probe  
  45  3:33  Probe  
  47  3:35  Pylon  
  47  3:40  Oracle (Chrono Boost)  
  47  3:41  Probe  
  48  3:45  Probe  
  52  3:55  Nexus  
  52  3:59  Adept  
  52  4:02  Adept  
  56  4:03  Probe  
  56  4:04  Probe  
  56  4:09  Assimilator  
  58  4:11  Pylon  
  58  4:15  Probe  
  59  4:18  Assimilator  
  59  4:23  Probe  
  60  4:28  Probe  
  61  4:35  Probe  
  61  4:37  Twilight Council, Forge  
  60  4:40  Probe  
  61  4:47  Probe  
  61  4:48  Sentry x2  
  61  4:52  Probe  
  65  4:59  Probe  
  64  5:00  Robotics Facility  
  64  5:02  Oracle (Chrono Boost)  
  64  5:03  Pylon  
  64  5:04  Probe  
  60  5:08  Probe  
  60  5:10  Gateway x2  
  60  5:11  Probe  
  62  5:14  Shield Battery  
  62  5:16  Probe  
  62  5:17  Adept  
  62  5:19  Zealot, Protoss Ground Weapons Level 1 (Chrono Boost)  
  62  5:21  Probe  
  68  5:23  Probe  
  68  5:26  Charge  
  68  5:28  Probe  
  70  5:37  Probe  
  70  5:41  Probe  
  69  5:49  Gateway  
  70  5:50  Observer, Probe x2 (Chrono Boost)  
  70  5:51  Gateway  
  70  5:52  Zealot  
  70  5:53  Zealot  
  70  5:55  Gateway  
  76  5:57  Pylon  
  76  5:59  Probe (Chrono Boost)  
  76  6:02  Probe (Chrono Boost)  
  79  6:04  Probe (Chrono Boost)  
  79  6:06  Templar Archives  
  79  6:08  Probe (Chrono Boost)  
  79  6:09  Probe (Chrono Boost)  
  79  6:10  Probe (Chrono Boost)  
  82  6:12  Assimilator  
  82  6:13  Warp Prism (Chrono Boost)  
  82  6:14  Assimilator, Probe  
  82  6:17  Probe  
  86  6:20  Probe  
  86  6:22  Gateway  
  86  6:24  Zealot  
  89  6:29  Probe  
  90  6:35  Probe  
  91  6:41  Probe  
  91  6:43  Pylon  
  91  6:46  Probe  
  93  6:47  Nexus  
  93  6:48  Psionic Storm  
  93  6:50  Pylon  
  93  6:52  High Templar x2  
  97  6:56  High Templar x2  
  97  6:57  Archon, Pylon  
  97  7:00  Archon  
  101  7:03  Probe  
  101  7:05  Immortal (Chrono Boost)  
  101  7:06  Photon Cannon, Pylon  
  106  7:12  Shield Battery  
  106  7:13  Pylon  
  106  7:16  Photon Cannon, Probe  
  106  7:18  Protoss Ground Weapons Level 2 (Chrono Boost), Shield Battery  
  107  7:26  Probe  
  107  7:28  Probe  
  109  7:35  Zealot  
  111  7:38  Probe x2  
  111  7:42  Immortal  
  111  7:43  Probe  
  115  7:45  Stalker x3  
  115  7:46  Robotics Facility  
  115  7:47  Sentry  
  115  7:50  Probe  
  124  7:52  Photon Cannon  
  124  7:54  Photon Cannon  
  124  7:55  Photon Cannon  
  124  7:56  Blink (Chrono Boost)  
  120  8:00  Probe x2  
  122  8:13  High Templar  
  122  8:16  High Templar  
  122  8:17  Probe  
  122  8:18  Probe  
  128  8:20  Assimilator, Probe x2  
  128  8:21  Immortal  
  128  8:23  Assimilator  
  134  8:29  Gateway  
  134  8:30  Gateway, Probe x2  
  134  8:31  Photon Cannon  
  134  8:32  Probe x2  
  134  8:33  Shield Battery, Stalker  
  138  8:35  Stalker  
  138  8:37  Pylon  
  133  8:43  Probe x2  
  133  8:47  Probe  
  133  8:49  Probe  
  133  8:55  Probe x2  
  136  8:59  Probe  
  136  9:00  High Templar x2, Archon  
  136  9:01  Stalker x4  
  136  9:02  Stalker x2  
  153  9:08  Archon  
  151  9:11  Probe  
  151  9:13  Immortal  
  156  9:26  Pylon  
  156  9:27  Protoss Shields Level 1 (Chrono Boost), Pylon  
  156  9:28  High Templar x2  
  156  9:31  Forge  
  160  9:32  Pylon  
  160  9:37  Shield Battery  
  149  9:47  Pylon  
  149  9:51  Photon Cannon, Pylon  
  147  9:52  High Templar  
  147  9:53  High Templar, Photon Cannon  
  147  9:54  High Templar  
  147  9:55  High Templar  
  147  9:56  Shield Battery  
  147  9:59  Pylon  
  152  10:17  Probe  
  153  10:22  Probe  
  153  10:24  Probe x2  
  153  10:28  High Templar x3  
  158  10:29  Probe  
  158  10:30  High Templar  
  158  10:34  Immortal (Chrono Boost)  
  158  10:35  Protoss Ground Weapons Level 3 (Chrono Boost)  
  167  10:40  Zealot x6  
  178  10:47  Immortal (Chrono Boost)  
  182  11:00  Probe x2  
  182  11:03  Probe  
  185  11:06  Observer (Chrono Boost)  
  174  11:13  Nexus  
  174  11:14  Pylon  
  174  11:16  High Templar  
  174  11:17  High Templar, Zealot x8  
  194  11:22  Immortal (Chrono Boost)  
  194  11:23  Archon  
  196  11:31  Immortal  
  192  11:42  Zealot x4  
  192  11:44  Shield Battery  
  192  11:47  Photon Cannon  
  200  11:49  Photon Cannon  
  200  11:50  Photon Cannon  
  200  11:52  Photon Cannon  
  200  11:53  Shield Battery  
  198  11:54  Warp Prism  
  186  12:05  Protoss Shields Level 2 (Chrono Boost)  
  186  12:08  Zealot x9  
  188  12:15  Probe  
  197  12:17  Probe x2  
  197  12:20  Probe  
  197  12:22  Assimilator  
  186  12:26  Assimilator  
  186  12:27  Probe  
  186  12:29  Immortal  
  191  12:31  Observer  
  190  12:38  Archon  
  190  12:39  Archon x2  
  190  12:43  Zealot x10  
  184  12:50  Protoss Ground Armor Level 1 (Chrono Boost)  
  180  12:51  Probe  
  180  12:58  Photon Cannon  
  181  13:00  Photon Cannon  
  181  13:04  Shield Battery  
  181  13:05  Pylon  
  181  13:07  Fleet Beacon  
  181  13:08  Stargate  
  181  13:09  Stargate  
  181  13:11  High Templar, Protoss Air Weapons Level 1, Immortal x2  
  181  13:12  High Templar x4, Cybernetics Core, Stargate  
  199  13:52  Immortal x2  
  185  14:00  High Templar x4, Zealot x6  
  193  14:13  Mothership (Chrono Boost)  
  193  14:21  Protoss Air Armor Level 1 (Chrono Boost)  
  189  14:28  Stalker x4  
  189  14:29  Stalker  
  192  14:42  Protoss Shields Level 3 (Chrono Boost), Protoss Ground Armor Level 2 (Chrono Boost)  
  192  14:43  Nexus  
  192  14:44  Pylon  
  184  14:46  Carrier (Chrono Boost)  
  184  14:47  Carrier (Chrono Boost), Pylon  
  196  14:59  Observer  
  196  15:01  Pylon  
  196  15:08  Zealot x2  
  197  15:19  Carrier (Chrono Boost)  
  188  15:26  Archon  
  186  15:29  Nexus  
  186  15:31  Pylon  
  186  15:32  High Templar x4  
  186  15:33  Pylon  
  186  15:35  Zealot, Shield Battery  
  194  15:36  Shield Battery  
  194  15:38  Shield Battery  
  194  15:39  Carrier (Chrono Boost), Photon Cannon, Archon x2  
  194  15:40  Dark Shrine  
  194  15:41  Photon Cannon  
  194  15:42  Photon Cannon  
  200  15:44  Photon Cannon  
  200  15:56  Protoss Air Weapons Level 2 (Chrono Boost)  
  200  15:58  Nexus  
  200  15:59  Observer  
  200  16:02  Pylon  
  200  16:21  Protoss Air Armor Level 2 (Chrono Boost)  
  200  16:46  Carrier  
  197  16:51  Observer x2  
  199  16:59  Photon Cannon  
  199  17:01  Photon Cannon  
  195  17:02  Photon Cannon  
  195  17:03  Photon Cannon  
  195  17:04  Shield Battery x2  
  195  17:05  Photon Cannon  
  195  17:07  Assimilator  
  195  17:08  Assimilator  
  195  17:09  Photon Cannon, Shield Battery, Protoss Ground Armor Level 3 (Chrono Boost)  
  195  17:10  High Templar x2, Shield Battery  
  195  17:13  Shield Battery  
  199  17:15  Pylon  
  199  17:17  Photon Cannon  
  199  17:21  Assimilator  
  199  17:27  Assimilator  
  199  17:30  Shadow Stride (Chrono Boost)  
  199  17:34  Observer x2  
  199  17:37  Robotics Bay  
  200  17:47  Photon Cannon  
  200  17:54  Unknown, Flux Vanes  
  200  18:22  Gateway  
  200  18:24  Gateway  
  200  18:26  Gateway  
  200  18:28  Gravitic Boosters  
  200  18:30  Gateway x2  
  200  18:33  Gateway, Pylon  
  200  18:34  Stargate  
  200  18:36  Gateway  
  200  18:40  Gateway  
  199  18:44  Stargate  
  199  18:46  Pylon  
  199  18:51  Protoss Air Armor Level 3 (Chrono Boost)  
  199  19:00  Protoss Air Weapons Level 3 (Chrono Boost)  
  195  19:16  Pylon  
  195  19:24  Nexus  
  195  19:25  Gravitic Drive  
  195  19:26  Zealot x2  
  199  19:33  Pylon  
  199  19:34  Observer  
  199  19:37  Pylon  
  195  19:49  Pylon  
  195  19:50  Oracle  
  197  20:13  Photon Cannon  
  197  20:15  Photon Cannon  
  197  20:16  Photon Cannon  
  197  20:17  Photon Cannon  
  197  20:18  Photon Cannon  
  197  20:19  Photon Cannon  
  197  20:20  Shield Battery  
  197  20:22  Assimilator, Shield Battery  
  197  20:24  Oracle (Chrono Boost), Shield Battery  
  197  20:25  Shield Battery  
  197  20:26  Assimilator  
  197  20:27  Shield Battery  
  200  20:28  Photon Cannon  
  200  20:34  Photon Cannon  
  200  20:36  Photon Cannon  
  200  20:37  Photon Cannon  
  200  20:39  Photon Cannon  
  200  20:43  Photon Cannon  
  200  20:45  Shield Battery  
  200  20:46  Shield Battery  
  200  20:59  Observer  
  200  21:02  Observer  
  193  21:19  Observer x2  
  195  21:53  Carrier  
  189  22:12  Tempest  
  193  22:25  Mothership  
  183  22:35  Tempest x2 (Chrono Boost)  
  188  22:43  Tempest (Chrono Boost)  
  188  22:49  Carrier (Chrono Boost)  
  188  22:53  Carrier (Chrono Boost)  
  192  23:10  Carrier (Chrono Boost)  
  192  23:11  Carrier (Chrono Boost)  
  182  23:28  Stalker x7  
  182  23:29  Stalker x5  
  182  23:31  Carrier (Chrono Boost)  
  182  23:32  Carrier (Chrono Boost)  
  197  23:42  High Templar  
  192  24:13  High Templar  
  192  24:14  High Templar x3  
  200  24:28  Carrier x2 (Chrono Boost)  
  199  24:37  Observer x2  
  194  24:43  Carrier (Chrono Boost)  
  194  24:44  High Templar x2  
  194  24:45  High Templar  
  195  24:51  Zealot x2  
  197  25:28  Zealot  
  195  25:39  Oracle x2  
  186  26:19  Stalker x5  
  170  26:27  Stalker x4  
  170  26:28  Stalker x3  
  150  26:34  Archon  
  134  26:42  Stalker x4  
  134  26:43  Stalker x7  
  115  27:09  High Templar x4  
  115  27:11  Zealot x6  
  115  27:12  Zealot x3  
  115  27:14  Tempest x2  
  115  27:15  Tempest  
  156  27:22  High Templar x5  
  163  27:23  Tempest x3  
  170  27:37  Observer x2  
  170  27:40  Archon x2  
  172  27:48  Stalker x3  
  178  27:54  Zealot x6  
  178  27:56  Tempest  
  178  27:57  Tempest  
  198  28:06  Zealot  
  194  28:35  Mothership  
  194  28:52  Oracle  
  108  29:45  High Templar x4  
  108  29:46  High Templar x11  
  108  29:48  Zealot x2  
  108  29:49  Zealot  
  108  29:50  Archon x4  
  138  29:55  Archon x2  
  153  30:07  Archon  
  153  30:13  Tempest x4 (Chrono Boost)  
  153  30:14  Tempest (Chrono Boost)  
  147  30:21  High Templar x9  
  159  30:23  Tempest (Chrono Boost)  
  159  30:26  Zealot x3  
  171  30:37  Zealot  
  171  31:06  High Templar x4  
  171  31:07  High Templar  
  171  31:10  Archon x2  
Show
View Real Time Build Order
Export as new Build Order

Lambo Zerg 

Build Orders: Hatch First, Lurkers 

Get SALT Encoding   

  12  0:00  Drone  
  13  0:12  Overlord  
  13  0:16  Drone  
  14  0:30  Drone x2  
  16  0:48  Hatchery  
  15  0:51  Drone  
  15  0:54  Drone  
  17  0:57  Drone  
  18  1:08  Extractor  
  17  1:13  Spawning Pool  
  17  1:16  Drone  
  17  1:19  Drone  
  18  1:27  Drone  
  19  1:38  Drone  
  20  1:49  Drone  
  21  1:59  Queen  
  21  2:00  Zergling x2, Queen  
  21  2:01  Overlord  
  26  2:08  Metabolic Boost  
  26  2:10  Drone  
  26  2:11  Drone  
  28  2:21  Drone  
  29  2:23  Drone  
  30  2:32  Drone x2  
  32  2:37  Hatchery  
  32  2:43  Drone  
  32  2:44  Overlord  
  32  2:49  Queen  
  34  2:54  Drone  
  34  2:55  Drone  
  36  3:02  Queen  
  36  3:05  Overlord  
  38  3:08  Drone x2  
  38  3:10  Drone x2  
  42  3:19  Drone x2  
  44  3:25  Overlord  
  44  3:27  Queen  
  44  3:30  Overlord  
  46  3:37  Drone  
  46  3:40  Queen  
  49  3:41  Drone x3  
  49  3:44  Drone x3  
  55  3:49  Overlord  
  55  3:54  Queen  
  55  3:55  Zergling x2  
  57  3:57  Drone  
  57  4:01  Overlord  
  57  4:02  Zergling x2  
  59  4:04  Drone  
  59  4:07  Spore Crawler  
  59  4:10  Drone  
  59  4:11  Zergling x4, Spore Crawler  
  59  4:14  Zergling x4  
  59  4:15  Drone  
  64  4:19  Drone x2  
  64  4:20  Drone  
  67  4:26  Zergling x4  
  67  4:28  Evolution Chamber  
  67  4:31  Zergling x6  
  68  4:35  Drone  
  68  4:37  Drone x3  
  70  4:40  Zergling x2  
  70  4:43  Zergling x4  
  67  4:55  Drone x5  
  67  4:59  Drone  
  70  5:01  Drone  
  70  5:03  Lair  
  70  5:06  Drone x2  
  73  5:07  Drone  
  73  5:09  Drone  
  73  5:12  Drone x2  
  75  5:14  Zerg Melee Weapons Level 1  
  75  5:16  Drone  
  75  5:17  Drone  
  75  5:18  Extractor  
  75  5:20  Drone x2  
  78  5:22  Drone x2  
  78  5:25  Extractor x2  
  78  5:28  Drone  
  78  5:34  Drone x3  
  81  5:36  Drone  
  81  5:38  Drone  
  81  5:40  Drone  
  81  5:47  Drone x3, Roach Warren  
  82  5:50  Baneling Nest  
  82  5:52  Drone  
  82  5:53  Extractor  
  82  5:54  Drone, Extractor  
  82  5:55  Overlord  
  81  5:57  Hatchery  
  81  6:00  Drone x2  
  81  6:03  Overlord x2  
  82  6:06  Spire  
  82  6:08  Drone  
  82  6:10  Overlord  
  82  6:12  Overlord  
  82  6:14  Overlord  
  82  6:16  Drone x3  
  82  6:17  Overlord  
  85  6:22  Overlord  
  85  6:26  Zergling x10  
  85  6:29  Overseer  
  85  6:32  Glial Reconstitution  
  86  6:38  Drone x7  
  93  6:43  Spore Crawler  
  93  6:47  Roach x4  
  100  6:50  Roach x2  
  100  6:53  Roach  
  105  7:01  Roach x5  
  115  7:05  Roach x2  
  115  7:07  Drone x2  
  121  7:08  Extractor  
  121  7:14  Drone x3  
  123  7:20  Mutalisk x5  
  132  7:22  Mutalisk  
  132  7:27  Drone  
  132  7:28  Mutalisk  
  134  7:31  Roach x3  
  140  7:38  Mutalisk  
  136  7:45  Zergling x22  
  145  7:52  Mutalisk  
  145  7:57  Zerg Melee Weapons Level 2  
  147  8:07  Overlord x3  
  147  8:08  Overlord  
  147  8:09  Overlord  
  147  8:12  Overlord  
  147  8:17  Overlord  
  147  8:19  Centrifugal Hooks, Hatchery  
  146  8:26  Zerg Flyer Weapons Level 1  
  146  8:27  Drone x13  
  159  8:37  Roach x6  
  169  8:44  Roach  
  169  8:45  Roach x4  
  177  8:49  Spore Crawler  
  177  8:50  Roach x3  
  177  8:54  Roach x3  
  188  8:55  Zergling x4  
  190  9:03  Zergling x14  
  193  9:11  Zergling x12  
  193  9:15  Ravager x2  
  193  9:16  Baneling x19  
  199  9:27  Infestation Pit  
  198  9:35  Hatchery  
  193  9:43  Zergling x38  
  193  9:44  Zergling x2  
  193  9:45  Baneling x7  
  200  9:47  Baneling x3  
  200  9:48  Baneling x3  
  200  9:52  Baneling x12  
  199  10:07  Hive  
  199  10:09  Hydralisk Den  
  199  10:13  Zerg Missile Weapons Level 1  
  193  10:24  Drone x3  
  193  10:26  Spine Crawler  
  193  10:27  Spine Crawler x2  
  193  10:33  Extractor  
  192  10:42  Lurker Den  
  191  10:44  Evolution Chamber  
  190  10:50  Drone x5  
  190  10:52  Spine Crawler  
  190  10:53  Spine Crawler  
  192  11:02  Extractor  
  187  11:05  Extractor  
  187  11:08  Zergling x34  
  197  11:14  Baneling x12  
  194  11:21  Zergling x12  
  200  11:25  Zerg Melee Weapons Level 3  
  200  11:28  Baneling x14  
  200  11:29  Baneling, Lurker Den  
  198  11:34  Zergling x16  
  198  11:37  Zergling x18  
  198  11:38  Zergling x6  
  199  11:55  Zergling x2  
  199  11:58  Zergling x30  
  190  12:03  Roach x7  
  190  12:07  Hydralisk x5  
  196  12:22  Ravager  
  190  12:28  Hydralisk x7  
  196  12:30  Hatchery  
  196  12:36  Hydralisk x9  
  196  12:37  Zergling x16  
  195  12:39  Zergling x2  
  195  12:42  Roach x4  
  174  12:45  Lurker x2  
  174  12:46  Seismic Spines  
  174  12:51  Extractor  
  174  12:52  Lurker x3  
  174  12:53  Ravager  
  174  12:54  Ravager x2  
  174  12:55  Ravager  
  174  12:56  Lurker x2  
  180  13:04  Lurker  
  175  13:13  Muscular Augments  
  175  13:14  Lurker  
  176  13:21  Drone x4  
  176  13:22  Drone x2  
  176  13:26  Lurker x3  
  185  13:30  Overseer  
  184  13:35  Lurker, Spine Crawler  
  184  13:41  Drone x2  
  184  13:42  Drone x2  
  184  13:43  Drone x2  
  180  13:49  Zergling x20  
  177  13:57  Spine Crawler  
  177  13:58  Spine Crawler  
  177  14:02  Lurker x5, Spine Crawler  
  179  14:06  Pneumatized Carapace  
  179  14:07  Zerg Missile Weapons Level 2  
  178  14:10  Zerg Ground Armor Level 1  
  178  14:20  Spine Crawler x2  
  174  14:38  Grooved Spines  
  182  14:39  Adaptive Talons  
  180  14:49  Zerg Flyer Armor Level 1  
  164  14:52  Viper x2  
  164  14:53  Viper  
  164  14:59  Drone x11  
  183  15:09  Corruptor x6  
  183  15:23  Viper  
  183  15:28  Corruptor x4  
  167  15:37  Spore Crawler  
  167  15:38  Spore Crawler  
  165  15:44  Spore Crawler  
  165  15:46  Spore Crawler, Hatchery  
  162  15:56  Overseer  
  162  15:58  Drone x2  
  161  16:06  Spore Crawler  
  161  16:07  Corruptor x3  
  161  16:08  Spore Crawler  
  161  16:09  Spore Crawler  
  158  16:23  Drone x6, Spire  
  163  16:26  Corruptor x2  
  163  16:27  Zerg Ground Armor Level 2  
  167  16:58  Drone x5  
  167  17:00  Spore Crawler  
  171  17:01  Spore Crawler  
  171  17:03  Spore Crawler  
  171  17:04  Greater Spire, Corruptor x3  
  175  17:08  Drone x8  
  175  17:09  Extractor x2  
  181  17:18  Spore Crawler  
  181  17:20  Overseer x2, Spore Crawler  
  181  17:21  Infestor x4  
  187  17:27  Overseer  
  187  17:29  Spore Crawler x2  
  185  17:30  Spore Crawler x2  
  185  17:32  Corruptor x3  
  189  17:47  Zerg Flyer Armor Level 2  
  189  17:49  Infestor x2  
  193  17:51  Burrow, Neural Parasite  
  193  17:54  Zerg Missile Weapons Level 3  
  193  18:05  Spore Crawler  
  193  18:08  Spore Crawler  
  193  18:09  Spore Crawler  
  193  18:12  Spore Crawler  
  189  18:14  Spore Crawler  
  189  18:15  Spore Crawler  
  189  18:16  Drone x2  
  189  18:17  Adrenal Glands  
  189  18:18  Ultralisk Cavern  
  189  18:19  Infestor x2  
  192  18:31  Overseer x3  
  192  18:42  Zerg Flyer Weapons Level 2  
  192  19:06  Overlord x2  
  192  19:07  Chitinous Plating  
  192  19:15  Overlord  
  192  19:16  Overlord  
  192  19:20  Extractor, Spore Crawler x2, Corruptor x10  
  192  19:21  Spore Crawler  
  192  19:24  Spore Crawler  
  187  19:26  Spore Crawler  
  186  19:37  Viper x2  
  179  19:50  Brood Lord x2  
  179  19:51  Brood Lord x6  
  195  19:55  Corruptor x2  
  199  20:18  Spore Crawler  
  199  20:19  Spore Crawler  
  199  20:21  Brood Lord  
  199  20:22  Spore Crawler  
  199  20:23  Spore Crawler  
  199  20:25  Anabolic Synthesis  
  197  20:33  Overseer x2  
  197  20:35  Brood Lord  
  199  20:40  Corruptor  
  195  21:08  Queen x2  
  193  21:30  Zerg Flyer Armor Level 3, Zerg Flyer Weapons Level 3  
  193  21:37  Infestor x2  
  197  21:46  Corruptor x2  
  199  21:57  Spore Crawler x2  
  197  22:02  Corruptor  
  197  22:03  Overseer  
  197  22:04  Overseer  
  199  22:14  Hatchery  
  182  22:37  Brood Lord x4  
  182  22:43  Corruptor x4  
  194  22:44  Overseer  
  194  23:08  Corruptor x2  
  190  23:35  Infestor x2  
  191  23:50  Hydralisk x2  
  188  24:05  Zergling x28  
  199  24:13  Zergling x2  
  200  24:22  Zergling x8  
  200  24:29  Hatchery  
  199  24:34  Infestor  
  197  24:41  Corruptor x4  
  195  24:57  Queen x2  
  199  25:05  Overlord  
  197  25:07  Extractor  
  197  25:09  Extractor  
  193  25:23  Infestor x6  
  193  25:24  Corruptor x3  
  199  25:31  Hatchery  
  198  25:45  Corruptor  
  192  26:18  Corruptor x5  
  188  26:22  Zergling x20  
  188  26:29  Corruptor  
  174  26:33  Extractor  
  155  26:43  Infestor x2  
  155  26:45  Zergling x4, Drone  
  150  26:52  Zergling x20  
  140  27:04  Zergling x10  
  140  27:06  Queen  
  140  27:07  Queen  
  149  27:14  Drone x3  
  152  27:19  Hydralisk x6  
  153  27:35  Hydralisk x2  
  156  27:40  Brood Lord  
  156  27:43  Hydralisk x3  
  164  27:49  Zergling x28  
  178  27:53  Lurker x2  
  179  27:58  Hydralisk  
  179  28:04  Lurker  
  180  28:10  Lurker  
  177  28:14  Hatchery  
  177  28:15  Extractor  
  177  28:16  Extractor  
  177  28:17  Drone  
  177  28:18  Drone x2  
  165  28:28  Zergling x28  
  167  28:42  Lurker x3  
  167  28:47  Zergling x14  
  170  29:03  Zergling x18  
  166  29:28  Zergling x22  
  166  29:31  Zergling x2  
  128  29:33  Queen x2  
  128  29:35  Hydralisk x3  
  118  29:42  Hydralisk x2  
  115  29:49  Hydralisk x4  
  121  29:54  Hatchery  
  121  29:55  Extractor  
  121  29:57  Zergling x8, Extractor  
  119  30:07  Zergling x8  
  114  30:17  Lurker x3  
  117  30:28  Lurker  
  118  30:39  Hydralisk  
  118  30:40  Hydralisk  
  119  30:57  Hydralisk x2  
  123  31:23  Hydralisk x3  
Tags
 
Add a new tag
Caveats
  • Supply blocks, unpowered buildings, or Contaminate may cause inaccurate times.
  • Supply counts are checked every 10 seconds.